 Dungeon Crawl Stone Soup version 0.31-a0-355-g57cb03d3e8 (webtiles) character file.

Game seed: 5493066546016872986

88 randomguy2701 the Chopper (level 4, -4/41 HPs)
             Began as a Hill Orc Monk on July 24, 2023.
             Slain by a gnoll bouda
             ... wielding a +0 whip
              (7 damage)
             ... on level 3 of the Dungeon.
             The game lasted 00:02:14 (2094 turns).

randomguy2701 the Chopper (Hill Orc Monk)           Turns: 2094, Time: 00:02:16

Health: -4/41      AC:  6    Str: 15    XL:     4   Next: 53%
Magic:  4/4        EV: 10    Int: 10    God:
Gold:   156        SH:  0    Dex: 13    Spells: 3/3 levels left

rFire   . . .        a - +0 hand axe
rCold   . . .        d - orb {light}
rNeg    . . .        l - +0 scale mail
rPois   .            (no helmet)
rElec   .            (no cloak)
rCorr   .            (no gloves)
SInv    .            (no boots)
Will    .....        (no amulet) Stlth
                     (no ring)
HPRegen 0.26/turn    (no ring)
MPRegen 0.09/turn

%: no passive effects
@: weakened, glowing
A: no striking features
a: no special abilities


You were on level 3 of the Dungeon.
You visited 1 branch of the dungeon, and saw 4 of its levels.

You collected 156 gold pieces.

Inventory:

Hand Weapons
 a - a +0 hand axe (weapon)
Armour
 b - a +0 robe
 d - an orb of light (worn)
 l - a +0 scale mail (worn)
Scrolls
 e - a scroll of blinking {unknown}
 f - 4 scrolls of identify {unknown}
 g - 2 scrolls of enchant weapon {unknown}
 h - a scroll of immolation {unknown}
 i - a scroll of vulnerability {unknown}
Potions
 c - a potion of ambrosia
 j - a potion of magic {unknown}
 k - a potion of berserk rage {unknown}
 m - a potion of enlightenment {unknown}


   Skills:
 + Level 4.4 Fighting
 + Level 4.9 Axes
 * Level 2.6 Armour
 - Level 2.6 Dodging


You had 3 spell levels left.
You didn't know any spells.
Your spell library contained the following spells:

 Spells                   Type           Power      Damage    Failure   Level
 Summon Small Mammal      Summ           0%         N/A       82%         1
 Call Canine Familiar     Summ           0%         N/A       99%         3
 Summon Guardian Golem    Hex/Summ       0%         N/A       99%         3


Dungeon Overview and Level Annotations

Branches:
Dungeon (4/15)
 Temple: D:4-7

Altars:
Nemelex Xobeh

Shops:
D:3 =


Message History

You hit the gnoll but do no damage.
The gnoll is heavily wounded.
You hit the gnoll. You barely miss the gnoll bouda.
The gnoll bouda hits you with a +0 whip.
The gnoll barely misses you. The gnoll misses you.
You hit the gnoll but do no damage.
The gnoll is heavily wounded.
You hit the gnoll bouda but do no damage.
You hit the gnoll. The gnoll bouda closely misses you.
The gnoll closely misses you. x2
You hit the gnoll.
The gnoll is almost dead.
You hit the gnoll.
You hit the gnoll bouda but do no damage.
The gnoll bouda calls upon its god to heal the gnoll.
The gnoll is healed somewhat.
The gnoll hits you with a +0 club. The gnoll hits you with a +0 flail.
You hit the gnoll but do no damage.
The gnoll is heavily wounded.
You barely miss the gnoll.
You hit the gnoll bouda but do no damage.
The gnoll bouda hits you with a +0 whip.
The gnoll hits you with a +0 club. The gnoll hits you but does no damage.
You hit the gnoll but do no damage.
The gnoll is heavily wounded.
You hit the gnoll bouda. You barely miss the gnoll.
The gnoll bouda gazes fiercely through you!
You feel your attacks grow feeble.
The gnoll bouda hits you with a +0 whip.
* * * LOW HITPOINT WARNING * * *
The gnoll hits you with a +0 club.
* * * LOW HITPOINT WARNING * * *
The gnoll barely misses you.
You hit the gnoll but do no damage.
The gnoll is heavily wounded.
You hit the gnoll bouda but do no damage.
You hit the gnoll.
You kill the gnoll!
The gnoll bouda hits you with a +0 whip!
You die...

#.......##....#####.#
#####...#......#### #.#
#..)..[....###..# #.#####
#.....####.####.#######..>..####
#.....# #..###.............#...
#.....#####.....######.#....#...
####.................).......#...
.....##.<........###.####........
####.##........g@....# #........
..##.#.....#...g.)..## #........
..##...######..###.## #####....
..##..#######.<# #.## ##...
.....#.........# #..# ### #...
.......#######.# ##.## #.# #...
..#.#### #.# #..###.# ##... .∩..#
#.# ##.#...# #..#. ...## #.#
#.#.### #.##.


You could see a gnoll bouda and a gnoll (swift).

Vanquished Creatures
  A gnoll (D:3)
  4 adders
  2 worms (D:2)
  A dart slug (D:1)
  4 endoplasms
  6 giant cockroaches
  4 goblins
  4 hobgoblins
  3 kobolds
  A quokka (D:1)
  A ball python (D:1)
  5 bats
  3 frilled lizards
  6 rats
45 creatures vanquished.

Notes
Turn   | Place    | Note
-------+----------+-------------------------------------------
     0 | D:1      | randomguy2701 the Hill Orc Monk began the quest for the
                  | Orb.
     0 | D:1      | Reached XP level 1. HP: 19/19 MP: 1/1
    75 | D:1      | Reached XP level 2. HP: 20/27 MP: 2/2
   534 | D:1      | Reached skill level 1 in Armour
   851 | D:2      | Reached XP level 3. HP: 3/33 MP: 3/3
  1147 | D:2      | Reached XP level 4. HP: 40/40 MP: 4/4
  1647 | D:3      | Found Ucvodox's Jewellery Emporium.
  1923 | D:3      | Found a sparkling altar of Nemelex Xobeh.
  2094 | D:3      | Slain by a gnoll bouda

Illustrated notes

Levels and vault maps discovered:
D:1:      ncdulo_wetmaze, layout_basic
D:2:      layout_basic, kennysheep_cross_room
D:3:      layout_rooms, nemelex_diamond_rough_becter, serial_shops, shop
D:4:      layout_cave_pools, kiku_gazebo_pond_becter, uniq_duvessa,
          uniq_blork_the_orc, uniq_robin

Skill      XL: |  1  2  3 |
---------------+----------+-----
Fighting       | 4 |  4.4
Armour         | 1 2 |  2.6
Axes           | |  4.9
Dodging        | |  2.6

Action                     |  1- 3 |  4- 6 || total
---------------------------+-------+-------++-------
  Melee: Hand axe          |    94 |    54 ||   148
 Armour: Robe              |    11 |       ||    11
         Scale mail        |       |    10 ||    10
  Dodge: Dodged            |    72 |    34 ||   106

Table legend: (Time is in decaauts)
 A = Elapsed time spent in this place.
 B = Non-inter-level travel time spent in this place.
 C = Inter-level travel time spent in this place.
 D = Time resting spent in this place.
 E = Time spent auto-exploring this place.
 F = Levels seen in this place.
 G = Mean time per level.
                   A        B        C        D        E       F      G
               +--------+--------+--------+--------+--------+-----+--------+
         Total |   2111 |   1949 |    162 |      0 |   1641 |   4 |  527.8 |
       Dungeon |   2111 |   1949 |    162 |      0 |   1641 |   4 |  527.8 |
               +--------+--------+--------+--------+--------+-----+--------+

Top non-repeatable levels by time:
     D:1: 836 daAuts
     D:2: 825 daAuts
     D:3: 447 daAuts
     D:4: 1 daAuts
